 Dungeon Crawl Stone Soup version 0.31-a0-162-gc4c5a43528 (webtiles) character file.

Game seed: 6981445450261353007

777 qw the Chopper (level 7, -3/44 HPs)
             Began as a Gargoyle Fighter on June 12, 2023.
             Slain by Pikel
             ... wielding a +1 whip of flaming
              (8 damage)
             ... on level 5 of the Dungeon.
             The game lasted 00:02:12 (4486 turns).

qw the Chopper (Gargoyle Fighter)                   Turns: 4486, Time: 00:02:13

Health: -3/44      AC: 16    Str: 19 (22) XL:     7   Next: 84%
Magic:  7/7        EV:  7    Int:  5 (8)  God:
Gold:   208        SH:  4    Dex:  6 (9)  Spells: 6/6 levels left

rFire   . . .        Y - +0 war axe
rCold   . . .        c - +0 buckler
rNeg    + . .        h - +0 chain mail
rPois   inf          m - +0 helmet of Nelugump {Will+ Stlth+}
rElec   +            (no cloak)
rCorr   +            l - +0 pair of gloves
SInv    .            (no boots)
Will    +....        b - amulet of faith Stlth
                     r - ring of resist corrosion
HPRegen 0.27/turn    (no ring)
MPRegen 0.10/turn

%: faith
@: about to teleport
A: sickness immunity, AC +4, negative energy resistance 1, electricity
resistance, torment resistance 1, petrification resistance
a: no special abilities


You were on level 5 of the Dungeon.
You visited 2 branches of the dungeon, and saw 6 of its levels.

You collected 208 gold pieces.


Innate Abilities, Weirdness & Mutations

You are immune to sickness and miasma.
Your stone body is resilient. (AC +4)
You are immune to poison.
You resist negative energy. (rN+)
You are resistant to electric shocks. (rElec)
You are resistant to unholy torment.
You are immune to petrification.


   Skills:
 + Level 4.6 Fighting
 - Level 7.2 Axes
 - Level 3.2 Armour
 - Level 1.2 Dodging
 - Level 3.2 Shields


You had 6 spell levels left.
You didn't know any spells.
Your spell library was empty.

Inventory:

Hand Weapons
 s - a +0 flail
 Y - a +0 war axe (weapon)
Armour
 a - a +2 ring mail of cold resistance
 c - a +0 buckler (worn)
 h - a +0 chain mail (worn)
 l - a +0 pair of gloves (worn)
 m - the +0 helmet of Nelugump (worn) {Will+ Stlth+}
   (You found it on level 4 of the Dungeon)

   Will:      It increases your willpower.
   Stlth:     It makes you more stealthy.
 p - the +2 scale mail "Bube" {rElec rPois rCorr Slay-6 SInv}
   (You found it on level 3 of the Dungeon)

   Slay:      It affects your accuracy & damage with ranged weapons and melee
   (-6).
   rElec:     It insulates you from electricity.
   rPois:     It protects you from poison.
   SInv:      It lets you see invisible.
   rCorr:     It protects you from acid and corrosion.
Jewellery
 b - an amulet of faith (around neck)
 r - a ring of resist corrosion (left hand)
Wands
 e - a wand of digging (8)
Scrolls
 f - a scroll of identify
Potions
 d - a potion of might
 g - 5 potions of curing
 i - a potion of brilliance {unknown}
 j - a potion of resistance {unknown}
 k - a potion of magic {unknown}
 n - a potion of lignification
 q - a potion of haste {unknown}

Dungeon Overview and Level Annotations

Branches:
Dungeon (5/15)             Temple (1/1) D:5

Altars:
Ashenzari
Cheibriados
Gozag
Hepliaklqana
Kikubaaqudgha
Makhleb
Nemelex Xobeh
Sif Muna
Uskayaw
Vehumet

Shops:
D:1 :

Annotations:
D:2 1 runed translucent door, Crazy Yiuf
D:3 Natasha
D:5 Pikel


Message History

Pikel is moderately wounded.
Pikel barely misses you.
You closely miss Pikel.
Pikel is moderately wounded.
Pikel hits you but does no damage.
You barely miss Pikel.
Pikel is moderately wounded.
Pikel says, "Hell isn't that bad."
Pikel hits you but does no damage.
You hit Pikel but do no damage.
Pikel is moderately wounded.
Pikel hits you but does no damage. Pikel completely misses you.
You hit Pikel but do no damage.
Pikel is moderately wounded.
Pikel hits you with a +1 whip of flaming!
Pikel burns you.
You miss Pikel.
Pikel is moderately wounded.
Pikel hits you but does no damage.
You hit Pikel.
Pikel is heavily wounded.
Pikel hits you but does no damage.
You barely miss Pikel.
Pikel is heavily wounded.
Pikel barely misses you.
You hit Pikel.
Pikel is severely wounded.
Pikel hits you with a +1 whip of flaming.
Pikel burns you.
You closely miss Pikel.
Pikel is severely wounded.
Pikel hits you with a +1 whip of flaming.
Pikel burns you.
Pikel hits you with a +1 whip of flaming.
Pikel burns you.
4486 ||| READING scroll of teleportation.
As you read the scroll of teleportation, it crumbles to dust.
You feel strangely unstable.
Pikel hits you with a +1 whip of flaming!
You die...

#..#.## #(# #.#.#.#
#.#.## #.# #.#.#.#
#.#.# #.#####.#.#.#
#.#.# ##...........#
#.#.#####..###.###....
#.#...##...........###
####.###.##...###.###.#
#.............# #.#
#.### #.######@###.##
#.###.... #...K....#
#.##..### #........#
#.##.##
#........####.##.#
#.............##.#
#........####.##.#
#........# #.##.#
#........####.##.#
#..####......##.#


You could see Pikel.

Vanquished Creatures
  An ogre (D:4)
  2 phantoms
  4 lemures (D:5)
  A howler monkey (D:5)
  A jelly (D:4)
  3 orc priests
  A hound (D:4)
  Terence (D:2)
  Natasha (twice) (D:3)
  3 iguanas (D:5)
  An orc wizard (D:5)
  Robin (D:2)
  7 adders
  2 dart slugs
  20 orcs
  3 endoplasms
  9 goblins
  10 hobgoblins
  3 jackals (D:5)
  2 quokkas (D:3)
  9 ball pythons
  8 bats
  2 frilled lizards (D:2)
  7 kobolds
  3 rats
106 creatures vanquished.

Vanquished Creatures (others)
  An angel (D:5)
1 creature vanquished.

Grand Total: 107 creatures vanquished

Notes
Turn   | Place    | Note
-------+----------+-------------------------------------------
     0 | D:1      | qw the Gargoyle Fighter began the quest for the Orb.
     0 | D:1      | Reached XP level 1. HP: 14/14 MP: 1/1
     0 | D:1      | 0 ||| qw: Version: 0.2-a-29-gc1b59c4
     0 | D:1      | 0 ||| qw: Game counter: 4384
     0 | D:1      | 0 ||| qw: Always use a shield: true
     0 | D:1      | 0 ||| qw: God list: Okawaru
     0 | D:1      | 0 ||| qw: Allow faded altars: false
     0 | D:1      | 0 ||| qw: Do Orc after D:15 true
     0 | D:1      | 0 ||| qw: Do second Lair branch before Depths: true
     0 | D:1      | 0 ||| qw: Lair rune preference: random
     0 | D:1      | 0 ||| qw: Plans: Normal, Zot:1-4, Slime:5, God:TSO, Crypt,
                  | Tomb, Abyss, Pan, Hells, Win
     0 | D:1      | 0 ||| PLANNING D:1-11
    14 | D:1      | Reached skill level 2 in Axes
   103 | D:1      | Reached XP level 2. HP: 17/19 MP: 2/2
   173 | D:1      | Found Alifader's Book Emporium.
   498 | D:1      | 498 ||| Stepping ~*~*~tactically~*~*~ (hiding).
   540 | D:1      | Reached skill level 3 in Axes
   624 | D:1      | Reached XP level 3. HP: 19/23 MP: 3/3
   740 | D:1      | 740 ||| DROPPING +0 whip.
   755 | D:1      | 755 ||| UPGRADING to +0 pair of gloves.
   760 | D:1      | 760 ||| READING scroll labelled XEAL CAFYGESM.
   761 | D:1      | 761 ||| READING scroll labelled NUWKIRHIUL.
   764 | D:1      | 764 ||| READING scroll labelled FONOTHR GEWKY.
   765 | D:1      | 765 ||| READING scroll labelled FYPIRCH KEMEST.
   766 | D:1      | 766 ||| READING scroll labelled NUOCHU WUUHAEF.
   767 | D:1      | 767 ||| DRINKING 2 pink potions.
   796 | D:2      | Noticed Terence
   806 | D:2      | Killed Terence
   906 | D:2      | Found a runed translucent door.
   907 | D:2      | Noticed Crazy Yiuf
   956 | D:2      | 956 ||| Stepping ~*~*~tactically~*~*~ (hiding).
   980 | D:2      | 980 ||| Stepping ~*~*~tactically~*~*~ (stealth).
   986 | D:2      | Reached XP level 4. HP: 28/28 MP: 4/4
  1046 | D:2      | Identified the +0 helmet of the Depths {Harm}
  1046 | D:2      | Noticed Robin
  1048 | D:2      | 1048 ||| Stepping ~*~*~tactically~*~*~ (hiding).
  1062 | D:2      | Killed Robin
  1063 | D:2      | Reached skill level 4 in Axes
  1277 | D:2      | 1277 ||| Stepping ~*~*~tactically~*~*~ (hiding).
  1606 | D:2      | 1606 ||| UPGRADING to +2 ring mail of cold resistance.
  1616 | D:2      | 1616 ||| DROPPING +0 scale mail.
  1617 | D:2      | 1617 ||| DROPPING orb of mayhem.
  1618 | D:2      | 1618 ||| READING 2 scrolls labelled JUVATU PIUNAMU.
  1619 | D:2      | 1619 ||| READING scroll labelled QAYPTA MUIRIHY.
  1620 | D:2      | 1620 ||| DROPPING scroll of revelation.
  1840 | D:3      | Reached XP level 5. HP: 28/32 MP: 5/5
  1947 | D:3      | 1947 ||| Stepping ~*~*~tactically~*~*~ (stealth).
  1968 | D:3      | 1968 ||| Stepping ~*~*~tactically~*~*~ (stealth).
  1969 | D:3      | 1969 ||| Stepping ~*~*~tactically~*~*~ (stealth).
  1970 | D:3      | 1970 ||| Stepping ~*~*~tactically~*~*~ (stealth).
  2150 | D:3      | Identified the +2 scale mail "Bube" {rElec rPois rCorr
                  | Slay-6 SInv}
  2157 | D:3      | Noticed Natasha
  2158 | D:3      | 2158 ||| Stepping ~*~*~tactically~*~*~ (stealth).
  2160 | D:3      | 2160 ||| Stepping ~*~*~tactically~*~*~ (hiding).
  2168 | D:3      | Killed Natasha
  2221 | D:3      | Noticed Natasha
  2222 | D:3      | 2222 ||| Stepping ~*~*~tactically~*~*~ (stealth).
  2223 | D:3      | 2223 ||| Stepping ~*~*~tactically~*~*~ (stealth).
  2230 | D:3      | Killed Natasha
  2231 | D:3      | Reached skill level 5 in Axes
  2341 | D:3      | Noticed Natasha
  2342 | D:3      | 2342 ||| Stepping ~*~*~tactically~*~*~ (stealth).
  2343 | D:3      | 2343 ||| Stepping ~*~*~tactically~*~*~ (stealth).
  2393 | D:3      | 2393 ||| UPGRADING to +0 chain mail.
  2403 | D:3      | 2403 ||| UPGRADING to amulet of faith.
  2408 | D:3      | 2408 ||| READING scroll labelled MIGIUPSOUSM.
  2409 | D:3      | 2409 ||| READING scroll labelled WIETAM FYXZEWN.
  2481 | D:4      | Noticed a phantom
  2497 | D:4      | Killed a phantom
  2498 | D:4      | Reached XP level 6. HP: 29/39 MP: 6/6
  2712 | D:4      | Found an opulent altar of Gozag.
  2812 | D:4      | 2812 ||| Stepping ~*~*~tactically~*~*~ (stealth).
  2814 | D:4      | 2814 ||| Stepping ~*~*~tactically~*~*~ (stealth).
  3026 | D:4      | Reached skill level 6 in Axes
  3026 | D:4      | Reached XP level 7. HP: 39/44 MP: 7/7
  3045 | D:4      | 3045 ||| DROPPING +0 whip of electrocution.
  3139 | D:4      | Identified the +0 helmet of Nelugump {Will+ Stlth+}
  3235 | D:4      | Reached skill level 1 in Dodging
  3498 | D:4      | 3498 ||| DROPPING +0 helmet of the Depths {Harm}.
  3499 | D:4      | 3499 ||| UPGRADING to +0 helmet of Nelugump {Will+ Stlth+}.
  3504 | D:4      | 3504 ||| UPGRADING to ring of resist corrosion.
  3505 | D:4      | 3505 ||| READING scroll labelled SUITYIBR COEBU.
  3506 | D:4      | 3506 ||| DRINKING 2 fizzy grey potions.
  3545 | D:5      | Entered Level 5 of the Dungeon
  3817 | D:5      | 3817 ||| Stepping ~*~*~tactically~*~*~ (hiding).
  3818 | D:5      | 3818 ||| Stepping ~*~*~tactically~*~*~ (hiding).
  3819 | D:5      | 3819 ||| Stepping ~*~*~tactically~*~*~ (hiding).
  3822 | D:5      | 3822 ||| Stepping ~*~*~tactically~*~*~ (hiding).
  3823 | D:5      | 3823 ||| Stepping ~*~*~tactically~*~*~ (hiding).
  3912 | D:5      | Killed an angel
  3990 | D:5      | Reached skill level 7 in Axes
  4095 | D:5      | Found a staircase to the Ecumenical Temple.
  4096 | D:5      | 4096 ||| PLANNING TEMPLE
  4096 | D:5      | 4096 ||| DRINKING 2 fizzy ruby potions.
  4097 | D:5      | 4097 ||| DROPPING potion of degeneration.
  4106 | Temple   | Entered the Ecumenical Temple
  4319 | Temple   | 4319 ||| PLANNING D:1-11
  4458 | D:5      | Noticed Pikel
  4485 | D:5      | HP: 11/44 [Pikel/+1 whip of flaming (1)]
  4485 | D:5      | HP: 5/44 [Pikel/+1 whip of flaming (2)]
  4486 | D:5      | 4486 ||| READING scroll of teleportation.
  4486 | D:5      | Slain by Pikel

Levels and vault maps discovered:
D:1:      roderic_crop_circles_arrival_small, layout_loops_ring, serial_shops,
          shop
D:2:      layout_rooms, uniq_terence, uniq_robin, uniq_crazy_yiuf_cottage
D:3:      layout_loops_ring, uniq_natasha
D:4:      layout_basic, lemuel_doored_altar
D:5:      layout_loops_ring, grunt_temple_overflow_order_and_chaos_1,
          lemuel_temple_firewalk_b, uniq_pikel
Temple:   jpeg_temple_island

Skill      XL: |  1  2  3  4  5  6  7 |
---------------+----------------------+-----
Axes           | 2 3 4 5 6 7 |  7.2
Fighting       | 4 |  4.6
Dodging        | 1 |  1.2
Armour         | |  3.2
Shields        | |  3.2

Action                     |  1- 3 |  4- 6 |  7- 9 || total
---------------------------+-------+-------+-------++-------
  Melee: War axe           |    79 |   172 |   119 ||   370
    Use: Scroll            |     5 |     4 |     2 ||    11
         Potion            |     1 |       |     2 ||     3
 Armour: Scale mail        |    29 |    38 |       ||    67
         Ring mail         |       |    24 |       ||    24
         Chain mail        |       |    48 |    69 ||   117
  Dodge: Dodged            |    38 |    91 |    46 ||   175
  Block: Buckler           |     7 |    32 |    15 ||    54

Table legend:
 A = Non-vault XP
 B = Vault XP
 C = Vault XP percentage of total XP
 D = Non-vault monster count
 E = Vault monster count
 F = Vault count percentage of total count
                 A         B        C        D         E       F
            +---------+---------+-------+---------+---------+-------
      Total |    1003 |     108 |   9.7 |      88 |      14 |  13.7
            +---------+---------+-------+---------+---------+-------
        D:1 |      37 |       0 |   0.0 |      20 |       0 |   0.0
        D:2 |      49 |      72 |  59.5 |      17 |      13 |  43.3
        D:3 |      82 |      36 |  30.5 |      13 |       1 |   7.1
        D:4 |     470 |       0 |   0.0 |      23 |       0 |   0.0
        D:5 |     365 |       0 |   0.0 |      15 |       0 |   0.0
            +---------+---------+-------+---------+---------+-------
